 Dungeon Crawl Stone Soup version 0.18-a0-1211-g828307d (webtiles) character file.

49 ololoev the Firebug (level 3, 0/19 HPs)
             Began as a Deep Elf Fire Elementalist on Feb 2, 2016.
             Slain by an adder (3 damage)
             ... on level 2 of the Dungeon.
             The game lasted 00:06:11 (531 turns).

ololoev the Firebug (Deep Elf Fire Elementalist)     Turns: 531, Time: 00:06:11

Health: 0/19       AC:  3    Str:  5    XL:     3   Next: 51%
Magic:  1/10       EV: 13    Int: 20    God:
Gold:   52         SH:  0    Dex: 15    Spells: 2 memorised, 5 levels left

rFire  . . .     SeeInvis .     e - +0 dagger
rCold  . . .     Gourm    .     a - +0 robe
rNeg   . . .     Faith    .     (no shield)
rPois  .         Spirit   .     (no helmet)
rElec  .         Dismiss  .     n - +0 cloak
rCorr  .         Reflect  .     (no gloves)
SustAt .         Harm     .     (no boots)
MR     .....                    (no amulet)
Stlth  ++........               (no ring)
                                (no ring)

@: lethally poisoned (0 -> -7), not resistant to hostile enchantments,
unstealthy
A: no striking features
a: no special abilities

Inventory:

Hand Weapons
 e - a +0 dagger (weapon)
Armour
 a - a +0 robe (worn)
 n - a +0 cloak (worn)
Scrolls
 d - a scroll of enchant armour {unknown}
 f - a scroll of fog {unknown}
 g - a scroll of remove curse {unknown}
 k - a scroll of recharging {unknown}
 l - a scroll of amnesia {unknown}
 o - a scroll of teleportation {unknown}
Potions
 i - a potion of might {unknown}
 j - a potion of resistance {unknown}
Books
 b - a book of Flames

   Spells                             Type                      Level
   a - Flame Tongue                   Conjuration/Fire             1
   b - Throw Flame                    Conjuration/Fire             2
   c - Conjure Flame                  Conjuration/Fire             3
   d - Inner Flame                    Hexes/Fire                   3
   e - Sticky Flame                   Conjuration/Fire             4
   f - Fireball                       Conjuration/Fire             5
Comestibles
 c - a bread ration
 h - a beef jerky
 m - 4 fruits
 p - 5 chunks of flesh


   Skills:
 - Level 2.4 Dodging
 - Level 2.4 Stealth
 + Level 3.5 Spellcasting
 * Level 3.1 Conjurations
 + Level 3.6 Fire Magic


You had 5 spell levels left.
You knew the following spells:

 Your Spells              Type           Power        Failure   Level  Hunger
a - Flame Tongue          Conj/Fire      ###..        3%          1    None
b - Conjure Flame         Conj/Fire      ###.....     12%         3    ###....


You were on level 2 of the Dungeon.
You were not hungry.

You visited 1 branch of the dungeon, and saw 3 of its levels.

You collected 52 gold pieces.

#......(.........##..........
######.#(....#...##..........
#...........##..####....
#....(.(....##. ##.>)
##........#.## ###.
##.....#.#.## #.
#....).....#. #.
#.#.>........ ##.
#.###@##...#.. #..
#.###S###.##...#####..
#.........# .......<..
#####.....# ..########
#..#### #... #### #..## #...
.... #.## ##.#

Notes
Turn   | Place    | Note
--------------------------------------------------------------
     0 | D:1      | ololoev the Deep Elf Fire Elementalist began the quest for the Orb.
     0 | D:1      | Reached XP level 1. HP: 10/10 MP: 6/6
    61 | D:2      | Reached XP level 2. HP: 13/15 MP: 1/8
   263 | D:3      | Reached XP level 3. HP: 7/19 MP: 2/9
   269 | D:3      | Learned a level 3 spell: Conjure Flame
   284 | D:3      | Noticed Uberwunderbarhen's ghost (amateur OpTm)
   531 | D:2      | Slain by an adder

Dungeon Overview and Level Annotations

Branches:
Dungeon (3/15)

Altars:

Annotations:
D:3 Uberwunderbarhen's ghost, amateur OpTm


Message History

The bat hits you but does no damage.
The goblin unwields an uncursed club.
The goblin wields a hunting sling.
The goblin shoots a sling bullet.
The sling bullet hits you!
A giant newt comes into view.
The bat hits you but does no damage.
You climb upwards.
There is a stone staircase leading down here.
Casting: Flame Tongue
Confirm with . or Enter, or press ? or * to list all spells.
Aiming: Flame Tongue
Press: ? - help, Shift-Dir - straight line, f - adder
Aim: an adder The flame tongue misses the adder.
The flame tongue hits the rat.
You kill the rat!
Casting: Flame Tongue
Confirm with . or Enter, or press ? or * to list all spells.
Aiming: Flame Tongue
Press: ? - help, Shift-Dir - straight line, f/p - adder
Aim: an adder The flame tongue misses the adder.
The adder bites you.
You are poisoned.
The adder poisons you!
Casting: Flame Tongue
Confirm with . or Enter, or press ? or * to list all spells.
Aiming: Flame Tongue
Press: ? - help, Shift-Dir - straight line, f/p - adder
Aim: an adder The flame tongue misses the adder.
You feel sick. The adder closely misses you. The adder bites you.
You are more poisoned.
The adder poisons you!
Casting: Flame Tongue
Confirm with . or Enter, or press ? or * to list all spells.
Aiming: Flame Tongue
Press: ? - help, Shift-Dir - straight line, f/p - adder
Aim: an adder The flame tongue hits the adder.
The adder is lightly wounded.
The adder bites you.
You die...

You could see an adder.

Vanquished Creatures
  An adder (D:2)
  2 worms (D:2)
  A giant gecko (D:1)
  4 orcs (D:3)
  2 bats (D:2)
  5 goblins
  4 hobgoblins
  A kobold (D:2)
  A quokka (D:2)
  2 giant newts
  4 rats
27 creatures vanquished.

Action                   || total
-------------------------++-------
Melee: Dagger            ||    25
 Cast: Flame Tongue      ||    53
       Conjure Flame     ||     1

Vault maps used:
D:1:      lemuel_arrival_cross
D:2:      kennysheep_generic_room_10, uniq_crazy_yiuf_cottage
D:3:      minitemple, ecumenical_altar_2
